 Dungeon Crawl Stone Soup version 0.29.1-12-g30fa7ad0bf (webtiles) character file.

Game seed: 5011940787232005927

837 croobank the Conjurer (level 7, -7/51 HPs)
             Began as a Demonspawn Conjurer on Dec 23, 2022.
             Mangled by Duvessa
             ... wielding a +0 rapier
              (12 damage)
             ... on level 5 of the Dungeon.
             The game lasted 00:17:22 (5844 turns).

croobank the Conjurer (Demonspawn Conjurer)         Turns: 5844, Time: 00:17:23

Health: -7/51      AC: 11    Str:  8    XL:     7   Next: 66%
Magic:  2/13       EV: 13    Int: 21    God:
Gold:   416        SH:  5    Dex: 11    Spells: 8/14 levels left

rFire   . . .      SeeInvis .   a - +2 dagger (venom)
rCold   . . .      Faith    .   (no shield)
rNeg    . . .      Spirit   .   i - +2 robe
rPois   .          Reflect  +   (no helmet)
rElec   .          Harm     .   k - +2 cloak
rCorr   .          Rampage  .   (no gloves)
Will    .....                   (no boots)
Stlth   ++........              p - amulet of reflection
HPRegen 0.17/turn               u - +4 ring of protection
MPRegen 0.26/turn               (no ring)

@: mighty, brilliant
A: hooves 1, spiny 2, magic regeneration
a: no special abilities


You were on level 5 of the Dungeon.
You visited 1 branch of the dungeon, and saw 5 of its levels.

You collected 416 gold pieces.

Inventory:

Hand Weapons
 a - a +2 dagger of venom (weapon)
 m - a +0 war axe
 v - a +1 dagger of freezing
 y - a +3 hand axe
Missiles
 r - 9 poisoned darts
Armour
 i - a +2 robe (worn)
 k - a +2 cloak (worn)
Jewellery
 e - a ring of fire
 p - an amulet of reflection (around neck)
 u - a +4 ring of protection (left hand)
Wands
 x - a wand of mindburst (12)
 B - a wand of flame (15)
Scrolls
 f - a scroll of enchant weapon
 s - 4 scrolls of identify
 z - a scroll of amnesia
 D - a scroll of vulnerability
Potions
 b - a potion of magic
 c - a potion of lignification
 d - a potion of might
 h - a potion of attraction {unknown}
 j - 4 potions of curing {unknown}
 l - 2 potions of haste {unknown}
 n - 2 potions of mutation {unknown}
 o - 2 potions of flight {unknown}
 q - a potion of degeneration {unknown}
 t - a potion of ambrosia {unknown}
 w - a potion of resistance {unknown}
 A - a potion of cancellation {unknown}


   Skills:
 * Level 2.4 Fighting
 + Level 3.9 Dodging
 + Level 4.2 Stealth
 + Level 4.1 Spellcasting
 + Level 5.6 Conjurations
 + Level 1.3 Hexes
 + Level 0.2 Translocations


You had 8 spell levels left.
You knew the following spells:

 Your Spells              Type           Power      Damage    Failure   Level
a - Magic Dart            Conj           100%       1d8       1%          1
b - Searing Ray           Conj           84%        2d7       1%          2
c - Dazzling Flash        Conj/Hex       56%        N/A       9%          3

Your spell library contained the following spells:

 Spells                   Type           Power      Damage    Failure   Level
 Necrotise                Necr           24%        1d5       12%         1
 Sublimation of Blood     Necr           6%         N/A       19%         2
 Fulminant Prism          Conj/Hex       14%        3d9       28%         4
 Ozocubu's Armour         Ice            6%         N/A       34%         3
 Vampiric Draining        Necr           6%         2d6       34%         3
 Iskenderun's Mystic Bla  Conj/Tloc      24%        2d7       34%         4
 Irradiate                Conj/Tmut      12%        3d15      71%         5
 Petrify                  Tmut/Erth      6%         N/A       75%         4
 Summon Mana Viper        Hex/Summ       10%        N/A       94%         5
 Agony                    Necr           6%         N/A       97%         5
 Summon Forest            Summ/Tloc      3%         N/A       97%         5
 Summon Cactus Giant      Summ           3%         N/A       100%        6
 Ozocubu's Refrigeration  Ice            3%         4d8       100%        7


Dungeon Overview and Level Annotations

Branches:
Dungeon (5/15)
 Temple: D:4-7

Altars:
Hepliaklqana
Kikubaaqudgha
Nemelex Xobeh
Okawaru
Yredelemnul

Shops:
D:3 (

Annotations:
D:4 2 runed translucent doors, wormed's ghost, amateur GrFi
D:5 Duvessa


Innate Abilities, Weirdness & Mutations

You have large cloven feet.
You are mostly covered in sharp spines.
You regenerate magic rapidly.


Message History

Duvessa is moderately wounded.
Duvessa misses you.
The searing ray hits Duvessa but does no damage.
Duvessa is moderately wounded.
You block Duvessa's attack. Duvessa hits you but does no damage.
The searing ray hits Duvessa.
Duvessa is heavily wounded.
You finish channelling your searing ray.
Duvessa hits you but does no damage.
Okay, then.
You feel very mighty all of a sudden. Duvessa hits you with a +0 rapier!
Duvessa closely misses you.
You hit Duvessa.
Duvessa is poisoned.
Duvessa is heavily wounded.
Duvessa is struck by your spines. Duvessa hits you with a +0 rapier!
* * * LOW HITPOINT WARNING * * *
Okay, then.
Okay, then.
Okay, then.
Okay, then.
You hit Duvessa.
Duvessa looks even sicker.
Duvessa is heavily wounded.
Duvessa hits you but does no damage. Duvessa hits you with a +0 rapier!
* * * LOW HITPOINT WARNING * * *
Okay, then.
Okay, then.
Unknown command.
Okay, then.
As you read the scroll labelled QUARPH MEYFIGGUN, it crumbles to dust.
It is a scroll of amnesia.
Really abort (and waste the scroll)?
Okay, then.
Duvessa misses you.
As you read the scroll labelled YXITRY ETOJIST, it crumbles to dust.
You hear a loud clanging noise!
It was a scroll of noise.
You block Duvessa's attack. x2
It was a potion of brilliance.
You feel clever all of a sudden. Duvessa is struck by your spines.
Duvessa hits you with a +0 rapier!
You die...

#..........#
#..........####### #######
#................####.....#
#..........##.##..........#
##########........##).....#
#.....<..........#
#................##
#.........##......#
#.@......####.###<#
#(e......# #......
#.)......########.#
##.....#....#####..
#..#.#......##.....
................####
.>...##.##...........>
.e..... #.##............
.......##.##.#....####..


You could see Duvessa (berserk, very poisoned).

Vanquished Creatures
  2 phantoms (D:5)
  A bullfrog (D:5)
  2 necrophages
  2 scorpions
  Dowan (D:5)
  An orc priest (D:4)
  3 iguanas
  2 gnolls (D:5)
  8 adders
  2 ufetubi (D:5)
  3 worms
  3 dart slugs
  7 orcs
  8 endoplasms
  6 giant cockroaches
  7 goblins
  8 hobgoblins
  3 jackals (D:3)
  8 quokkas
  7 ball pythons
  9 bats
  2 frilled lizards
  7 kobolds
  6 rats
108 creatures vanquished.

Notes
Turn   | Place    | Note
-------+----------+-------------------------------------------
     0 | D:1      | croobank the Demonspawn Conjurer began the quest for the
                  | Orb.
     0 | D:1      | Reached XP level 1. HP: 13/13 MP: 3/3
   156 | D:1      | Gained mutation: You have large cloven feet. [demonic
                  | ancestry]
   156 | D:1      | Reached XP level 2. HP: 6/19 MP: 0/5
   416 | D:1      | Learned a level 2 spell: Searing Ray
  1203 | D:1      | Gained mutation: You are partially covered in sharp spines.
                  | [demonic ancestry]
  1203 | D:1      | Reached XP level 3. HP: 9/24 MP: 2/6
  1207 | D:1      | Learned a level 3 spell: Dazzling Flash
  1529 | D:2      | Found a faded altar of an unknown god.
  1583 | D:2      | Found an iron altar of Okawaru.
  1783 | D:2      | Gained mutation: You regenerate magic rapidly. [demonic
                  | ancestry]
  1783 | D:2      | Reached XP level 4. HP: 30/30 MP: 4/7
  2238 | D:2      | You fall into a shaft and drop 1 floor!
  2725 | D:3      | Found Futhaxen's Antique Weapon Shop.
  3313 | D:3      | Found an ancient bone altar of Kikubaaqudgha.
  3577 | D:4      | Reached XP level 5. HP: 35/35 MP: 9/9
  4031 | D:4      | Found a runed translucent door.
  4034 | D:4      | Noticed wormed's ghost (amateur GrFi)
  4282 | D:4      | Found a basalt altar of Yredelemnul.
  4588 | D:4      | Found a hazy altar of Hepliaklqana.
  4635 | D:4      | Found a runed translucent door.
  4657 | D:4      | Reached skill level 5 in Conjurations
  4657 | D:4      | Reached XP level 6. HP: 27/41 MP: 5/11
  4996 | D:4      | Found a sparkling altar of Nemelex Xobeh.
  5076 | D:5      | Entered Level 5 of the Dungeon
  5439 | D:5      | Reached skill level 1 in Fighting
  5439 | D:5      | Gained mutation: You are mostly covered in sharp spines.
                  | [demonic ancestry]
  5439 | D:5      | Reached XP level 7. HP: 45/48 MP: 7/12
  5490 | D:5      | Reached skill level 1 in Hexes
  5820 | D:5      | Noticed Dowan
  5828 | D:5      | Noticed Duvessa
  5830 | D:5      | Killed Dowan
  5844 | D:5      | Mangled by Duvessa

Illustrated notes

Levels and vault maps discovered:
D:1:      saegor_arrival_fortress, layout_rooms
D:2:      layout_basic, basic_altar, hellmonk_ecumenical_altar_crossroads,
          minivault_25, minmay_pentomino_pile
D:3:      minmay_skewed_foursquare, layout_basic, pf_just_have_faith,
          serial_shops, nicolae_shop_waterfront, hex_tiny
D:4:      layout_loops_corners, nicolae_hepliaklqana_hazy_memory,
          mainiacjoe_overflow_swirl, ebering_ghost_sewer_f, glass_columns_a
D:5:      cheibrodos_helix_gallery, layout_rooms,
          minmay_fractal_squares_diagonal_5, uniq_duvessa

Skill      XL: |  1  2  3  4  5  6  7 |
---------------+----------------------+-----
Stealth        | 2 3 4 |  4.2
Dodging        | 2 3 |  3.9
Spellcasting   | 3 4 |  4.1
Conjurations   | 5 |  5.6
Fighting       | 1 2 |  2.4
Hexes          | 1 |  1.3
Translocations | |  0.2

Action                   |  1- 3 |  4- 6 |  7- 9 || total
-------------------------+-------+-------+-------++-------
Melee: Unarmed           |    12 |       |       ||    12
       Dagger            |    50 |    63 |     6 ||   119
       Kick              |    12 |    12 |     2 ||    26
 Cast: Magic Dart        |    33 |    32 |     4 ||    69
       Searing Ray       |     6 |    17 |     9 ||    32
  Use: Scroll            |     1 |     9 |     2 ||    12
       Potion            |       |       |     2 ||     2
 Stab: Sleeping          |     1 |     6 |     2 ||     9
Armor: Robe              |    14 |    11 |     6 ||    31
Dodge: Dodged            |    38 |    30 |    12 ||    80
Block: Other             |       |     3 |     7 ||    10
